Map: Frost LE

Players

FinnsoN - Winner!

  • Race: Terran Terran
  • League: Master

TutenChamon

  • Race: Protoss Protoss
  • League: Master

VOD

Have the link to the VOD?

Description

Time

  • Played on: July 10, 2016, 1:24 p.m.
  • Length: 17:18
Show
View Real Time Build Order
Export as new Build Order

FinnsoN Terran - Winner!

Build Orders: MMM Bio 

Get SALT Encoding   

  12  0:01  SCV  
  13  0:13  SCV  
  14  0:17  Supply Depot  
  14  0:25  SCV  
  15  0:39  SCV  
  15  0:42  Barracks  
  16  0:45  Refinery  
  16  0:51  SCV  
  17  1:03  SCV  
  18  1:15  SCV  
  19  1:29  Orbital Command  
  19  1:30  Barracks Reactor  
  19  1:44  Command Center  
  19  1:54  Supply Depot  
  19  1:56  SCV  
  20  2:06  Marine  
  20  2:07  Marine  
  22  2:10  SCV  
  23  2:23  SCV  
  23  2:24  Marine  
  23  2:25  Marine  
  26  2:35  SCV  
  27  2:38  Factory  
  27  2:42  Marine x2  
  29  2:47  SCV  
  30  3:00  SCV  
  31  3:05  Marine x2  
  31  3:08  Orbital Command  
  33  3:13  SCV  
  34  3:22  Supply Depot, Starport  
  34  3:23  Marine x2  
  34  3:24  Widow Mine  
  39  3:27  SCV  
  39  3:35  SCV  
  39  3:39  SCV  
  39  3:41  Marine x2  
  41  3:43  Supply Depot  
  41  3:47  SCV  
  44  3:51  SCV  
  44  3:52  Widow Mine  
  47  3:59  Marine x2, SCV  
  50  4:06  Supply Depot  
  50  4:08  SCV  
  51  4:10  Command Center  
  51  4:16  SCV  
  51  4:17  Marine x2, Medivac  
  52  4:23  SCV  
  57  4:29  SCV  
  57  4:30  Supply Depot  
  58  4:34  Marine x2  
  58  4:38  SCV, Engineering Bay  
  61  4:42  SCV  
  62  4:50  SCV  
  62  4:52  Marine x2  
  65  4:54  SCV  
  66  5:01  Factory Tech Lab  
  66  5:02  Refinery  
  66  5:04  SCV  
  66  5:05  Terran Infantry Weapons Level 1  
  66  5:06  Supply Depot, Barracks  
  67  5:07  Barracks  
  67  5:08  Refinery  
  67  5:10  Marine x2, Missile Turret  
  67  5:13  Missile Turret  
  69  5:17  Viking  
  71  5:22  SCV  
  71  5:25  SCV  
  71  5:28  Marine x2  
  70  5:34  SCV  
  70  5:37  SCV  
  70  5:46  Marine x2, SCV  
  70  5:49  SCV  
  72  5:56  Orbital Command  
  72  5:58  SCV  
  72  6:01  SCV  
  72  6:03  Marine  
  75  6:06  Barracks Tech Lab x2  
  75  6:09  Starport Reactor  
  75  6:10  SCV, Marine  
  77  6:13  SCV  
  77  6:18  Barracks  
  78  6:19  Refinery, Barracks  
  78  6:21  Marine  
  79  6:28  Marine  
  79  6:30  Marauder  
  79  6:31  SCV  
  79  6:32  SCV  
  84  6:33  Orbital Command  
  84  6:34  Combat Shields  
  84  6:35  Stimpack  
  84  6:41  Missile Turret  
  84  6:44  SCV, Marine  
  84  6:46  Medivac, Siege Tank  
  91  6:47  Marine  
  91  6:52  SCV  
  94  6:55  Supply Depot  
  94  6:56  Supply Depot  
  94  6:58  SCV  
  94  6:59  SCV  
  96  7:01  Marine  
  96  7:02  Marine  
  96  7:05  SCV  
  96  7:06  Barracks Tech Lab x2  
  98  7:10  SCV  
  98  7:12  Terran Infantry Armor Level 1  
  98  7:13  Supply Depot  
  98  7:14  Supply Depot  
  99  7:16  Marauder  
  99  7:17  Marine  
  102  7:25  SCV  
  102  7:26  SCV  
  102  7:28  Liberator  
  104  7:30  Armory, Engineering Bay  
  104  7:31  Marauder  
  104  7:32  Marine  
  104  7:33  Marauder  
  104  7:34  Factory Reactor  
  109  7:37  Marine  
  109  7:38  Marauder  
  109  7:40  SCV  
  109  7:42  Marine  
  114  7:44  Concussive Shells  
  114  7:49  SCV  
  117  7:51  Marine, Starport  
  117  7:52  Marauder  
  120  8:00  Refinery  
  120  8:01  Refinery  
  120  8:03  Marine, Marauder  
  123  8:07  Marine x2  
  123  8:08  SCV  
  123  8:12  SCV  
  127  8:17  SCV, Widow Mine  
  127  8:18  Widow Mine  
  127  8:19  Terran Infantry Weapons Level 2  
  132  8:22  SCV  
  133  8:28  Barracks  
  133  8:29  Starport Tech Lab  
  133  8:30  Supply Depot, Barracks  
  133  8:35  Liberator  
  133  8:40  Marine, Command Center  
  133  8:45  Supply Depot  
  133  8:48  Supply Depot  
  133  8:52  SCV, Marauder x2, Liberator  
  141  9:02  Liberator  
  141  9:06  Marine x2  
  141  9:07  Marauder  
  141  9:08  Terran Infantry Armor Level 2  
  150  9:13  Marine  
  150  9:14  Supply Depot  
  150  9:16  Supply Depot  
  151  9:18  Marauder  
  154  9:25  Bunker  
  154  9:26  Supply Depot  
  154  9:30  Supply Depot  
  154  9:31  Marine, Marauder  
  156  9:36  Marine, Marauder  
  160  9:45  SCV x2  
  158  9:46  Marine  
  158  9:47  Marauder  
  158  9:49  SCV, Marine  
  158  9:52  Marauder  
  165  9:55  Marine  
  165  9:56  Liberator x2  
  165  9:57  SCV  
  165  9:58  Marauder  
  169  10:03  SCV  
  169  10:08  Barracks Tech Lab  
  169  10:09  Barracks Tech Lab  
  169  10:10  Widow Mine x2  
  179  10:18  Marine  
  179  10:19  Fusion Core  
  180  10:27  Marine  
  180  10:28  Marauder x2  
  184  10:35  Marine, Marauder x3  
  189  10:37  SCV x2  
  189  10:40  Planetary Fortress  
  191  10:44  Missile Turret  
  191  10:45  SCV  
  192  10:50  Marine  
  192  10:51  SCV, Marauder  
  192  10:55  Marine, Marauder  
  199  11:02  Terran Infantry Weapons Level 3  
  186  11:16  Marine  
  186  11:17  Marauder  
  134  11:18  Medivac  
  134  11:19  Marine, Medivac  
  134  11:20  Marauder x2  
  134  11:22  Marine  
  134  11:23  Marauder x2  
  146  11:29  Terran Infantry Armor Level 3  
  144  11:33  Widow Mine x2  
  144  11:34  Marine  
  144  11:35  Liberator x2  
  144  11:36  Refinery  
  144  11:37  Marine, Refinery  
  144  11:38  Marauder  
  150  11:41  Marine, Marauder x2  
  150  11:45  Marauder  
  156  11:49  Marine  
  156  11:52  Marine  
  158  11:57  Medivac  
  158  11:59  Marauder  
  158  12:00  Marauder  
  164  12:07  Widow Mine x2  
  168  12:10  SCV, Marine  
  168  12:11  Marauder  
  168  12:15  Marine x3  
  169  12:19  Marine  
  169  12:20  Marine  
  169  12:21  Marauder  
  174  12:27  Medivac  
  174  12:28  Marine  
  167  12:30  Liberator  
  167  12:32  Marauder  
  167  12:33  Marine x2  
  167  12:34  Marauder  
  167  12:35  Medivac  
  174  12:37  Marine  
  174  12:38  Marine  
  174  12:40  Liberator  
  174  12:42  Marauder  
  167  12:46  Marine  
  167  12:51  Marine  
  172  12:52  Marauder  
  172  12:53  Marine  
  172  12:54  Marine x2  
  172  12:55  Command Center  
  172  12:56  Supply Depot x2, Marine  
  181  13:03  Marine  
  181  13:04  Marine, Liberator  
  183  13:08  Widow Mine x2  
  187  13:13  Marine x3  
  190  13:20  Advanced Ballistics  
  190  13:22  Command Center  
  190  13:23  Liberator  
  190  13:25  Ghost Academy  
  183  13:34  Liberator  
  183  13:35  Barracks  
  183  13:37  Barracks x2  
  183  13:39  Marauder x2  
  190  13:43  Terran Ship Weapons Level 1  
  190  13:44  Widow Mine  
  195  13:56  Marine  
  195  13:57  Marine x2  
  194  14:17  Marauder x2  
  194  14:19  Ghost  
  200  14:25  Barracks Tech Lab  
  200  14:27  Barracks Tech Lab  
  200  14:28  Barracks Tech Lab  
  192  14:31  Ghost x2  
  192  14:37  Marauder  
  195  14:39  Marauder  
  195  14:40  Marine, Marauder  
  196  14:47  Marine  
  196  14:48  Marine x3, Marauder  
  195  14:57  Marine  
  195  14:58  Marine  
  195  14:59  Marine  
  181  15:00  Marine x2, Ghost  
  181  15:05  Marine  
  181  15:06  Marine x2, Marauder  
  188  15:09  Marauder  
  167  15:17  Marine  
  167  15:18  Marauder x2  
  159  15:24  Marine  
  159  15:31  Marine, Marauder  
  159  15:32  Marauder  
  160  15:42  Marine  
  150  15:48  Planetary Fortress  
  144  16:01  Orbital Command  
  137  16:05  Marine, Marauder  
  137  16:06  Marauder, Missile Turret  
  140  16:23  Marine  
  103  16:38  Marine x2  
  105  16:40  Marine  
  106  16:53  Command Center  
  105  16:54  SCV, Barracks  
  105  16:56  Marine x2  
  105  16:57  SCV, Barracks  
  111  17:05  SCV  
Show
View Real Time Build Order
Export as new Build Order

TutenChamon Protoss 

Build Orders: 1 Gate Expand 

Get SALT Encoding   

  12  0:03  Probe (Chrono Boost)  
  13  0:14  Probe (Chrono Boost)  
  14  0:24  Probe (Chrono Boost)  
  15  0:29  Pylon  
  15  0:47  Probe (Chrono Boost), Gateway  
  15  0:48  Assimilator  
  16  0:57  Probe (Chrono Boost)  
  17  1:08  Probe (Chrono Boost)  
  18  1:18  Probe (Chrono Boost)  
  18  1:24  Nexus  
  19  1:36  Cybernetics Core  
  19  1:37  Probe (Chrono Boost)  
  20  1:42  Assimilator  
  20  1:48  Probe (Chrono Boost)  
  21  1:54  Pylon  
  21  1:58  Probe (Chrono Boost)  
  22  2:09  Probe (Chrono Boost)  
  22  2:13  Adept (Chrono Boost)  
  25  2:19  Warp Gate (Chrono Boost)  
  25  2:20  Probe  
  26  2:31  Robotics Facility  
  26  2:34  Gateway  
  26  2:38  Probe  
  26  2:39  Probe  
  28  2:49  Probe  
  28  2:50  Adept  
  31  2:56  Mothership Core  
  33  3:04  Probe  
  34  3:06  Pylon  
  34  3:17  Adept, Probe  
  38  3:22  Warp Prism (Chrono Boost)  
  39  3:27  Adept  
  39  3:28  Probe  
  42  3:41  Gateway  
  42  3:45  Probe  
  43  3:49  Probe  
  43  3:54  Pylon  
  45  3:55  Observer (Chrono Boost)  
  45  3:57  Probe  
  45  4:01  Probe  
  47  4:05  Pylon  
  47  4:09  Probe (Chrono Boost)  
  48  4:13  Probe (Chrono Boost), Immortal (Chrono Boost)  
  49  4:23  Probe (Chrono Boost)  
  54  4:24  Probe (Chrono Boost)  
  54  4:26  Pylon  
  54  4:27  Sentry x2  
  59  4:35  Probe x2 (Chrono Boost)  
  61  4:40  Assimilator  
  61  4:42  Assimilator  
  62  4:47  Probe (Chrono Boost)  
  62  4:49  Observer  
  62  4:50  Probe (Chrono Boost)  
  64  4:59  Probe (Chrono Boost)  
  65  5:01  Probe (Chrono Boost)  
  66  5:07  Pylon, Robotics Bay  
  66  5:11  Probe x2 (Chrono Boost)  
  68  5:15  Nexus  
  68  5:22  Pylon  
  68  5:27  Adept  
  68  5:28  Adept x2  
  66  5:49  Disruptor  
  60  5:51  Probe (Chrono Boost)  
  60  5:52  Probe (Chrono Boost)  
  60  5:56  Adept x3  
  71  6:00  Forge  
  71  6:02  Twilight Council  
  72  6:04  Probe (Chrono Boost)  
  72  6:05  Pylon  
  72  6:07  Probe (Chrono Boost)  
  74  6:19  Probe (Chrono Boost)  
  74  6:20  Disruptor  
  74  6:21  Gateway  
  74  6:22  Gateway  
  74  6:24  Gateway  
  77  6:30  Probe (Chrono Boost)  
  77  6:31  Probe (Chrono Boost)  
  77  6:32  Probe (Chrono Boost)  
  80  6:34  Pylon, Adept  
  80  6:35  Adept  
  80  6:38  Protoss Ground Weapons Level 1 (Chrono Boost)  
  84  6:42  Blink  
  84  6:47  Photon Cannon  
  84  6:48  Probe  
  85  6:54  Photon Cannon  
  85  6:56  Pylon  
  85  6:57  Zealot  
  85  6:59  Probe  
  85  7:00  Probe  
  85  7:01  Probe  
  89  7:04  Disruptor  
  89  7:05  Photon Cannon  
  90  7:11  Probe  
  90  7:12  Probe x2  
  96  7:16  Adept  
  96  7:17  Sentry  
  96  7:20  Photon Cannon  
  98  7:27  Stalker  
  100  7:32  Assimilator  
  100  7:34  Stalker x2  
  103  7:37  Assimilator  
  103  7:46  Adept  
  103  7:49  Stalker x2  
  109  7:59  Probe x2  
  109  8:00  Probe  
  112  8:07  Dark Shrine  
  112  8:09  Probe, Gateway  
  112  8:11  Pylon, Gateway  
  112  8:12  Probe, Gateway  
  114  8:13  Gateway  
  114  8:16  Pylon  
  114  8:25  Stalker x4  
  114  8:26  Disruptor  
  122  8:28  Protoss Ground Weapons Level 2 (Chrono Boost)  
  125  8:38  Probe  
  125  8:41  Resonating Glaives (Chrono Boost)  
  126  8:57  Pylon, Stalker x4, Disruptor  
  126  8:58  Stalker  
  136  9:15  Adept  
  138  9:18  Probe x2  
  140  9:24  Dark Templar x2  
  140  9:28  Dark Templar  
  140  9:31  Observer  
  147  9:39  Nexus  
  147  9:41  Pylon  
  145  9:50  Disruptor  
  143  9:56  Stalker x4  
  143  9:57  Stalker  
  152  10:04  Pylon  
  152  10:07  Charge  
  152  10:13  Pylon  
  152  10:15  Photon Cannon x2  
  152  10:19  Stalker x4  
  158  10:30  Nexus  
  158  10:36  Pylon  
  158  10:40  Pylon  
  158  10:47  Dark Templar x3  
  158  10:49  Stalker x2  
  168  10:50  Zealot x4  
  176  10:57  Pylon  
  176  11:01  Dark Templar  
  131  11:19  Zealot x2, Dark Templar x2  
  131  11:20  Zealot x4  
  130  11:29  Zealot x2  
  130  11:31  Dark Templar  
  136  11:33  Zealot x3  
  136  11:37  Protoss Ground Armor Level 1 (Chrono Boost)  
  138  11:43  Probe x2  
  138  11:44  Probe  
  138  11:45  Probe  
  138  11:55  Stalker x2, Probe  
  138  11:56  Stalker x4  
  149  12:02  Dark Templar  
  151  12:14  Dark Templar  
  134  12:42  Dark Templar  
  134  12:43  Zealot x4, Dark Templar  
  134  12:44  Zealot  
  146  12:54  Dark Templar  
  148  12:58  Archon  
  148  13:03  Probe  
  148  13:04  Probe x3  
  152  13:15  Probe  
  152  13:16  Probe x2  
  152  13:18  Dark Templar  
  152  13:19  Zealot x6  
  169  13:31  Assimilator  
  168  13:47  Zealot x3  
  168  13:48  Zealot x3  
  180  13:52  Assimilator  
  178  14:17  Dark Templar x4  
  186  14:28  Dark Templar  
  188  14:42  Dark Templar  
  188  14:43  Zealot  
  188  14:44  Zealot x3  
  151  15:05  Pylon, Dark Templar x3  
  151  15:06  Zealot x4  
  151  15:07  Zealot  
  150  15:19  Probe  
  150  15:21  Probe  
  148  15:30  Probe  
  148  15:31  Zealot, Probe  
  148  15:32  Archon  
  148  15:40  Probe  
  148  15:42  Probe  
  145  15:43  Zealot  
  145  15:47  Pylon  
  148  15:54  Assimilator  
  148  15:58  Assimilator  
  148  16:09  Gateway  
  148  16:10  Gateway  
  148  16:12  Gateway  
  148  16:14  Pylon  
  148  16:18  Pylon  
  148  16:20  Pylon  
  148  16:22  Pylon  
  148  16:26  Probe  
  98  16:43  Gateway  
  84  16:47  Gateway  
  84  16:49  Gateway  
  84  16:53  Gateway  
  80  17:02  Cybernetics Core  
  80  17:04  Gateway  
  80  17:05  Zealot x2  
  84  17:12  Zealot  
Tags
 
Add a new tag
Caveats
  • Supply blocks, unpowered buildings, or Contaminate may cause inaccurate times.
  • Supply counts are checked every 10 seconds.